 Dungeon Crawl Stone Soup version 0.28.0-45-g0d030f2227 (webtiles) character file.

Game seed: 5357078206261646408

588 selver the Poker (level 7, -5/54 HPs)
             Began as a Demonspawn Gladiator on Apr 12, 2022.
             Slain by a shadow (31 damage)
             ... on level 4 of the Dungeon.
             The game lasted 00:14:26 (5011 turns).

selver the Poker (Demonspawn Gladiator)             Turns: 5011, Time: 00:14:26

Health: -5/54      AC: 13    Str: 16    XL:     7   Next: 15%
Magic:  7/7        EV:  6    Int: 10    God:
Gold:   147        SH:  9    Dex: 14    Spells: 6/6 levels left

rFire   . . .      SeeInvis .   a - +0 trident
rCold   . . .      Faith    .   p - +0 buckler
rNeg    . . .      Spirit   .   i - +0 chain mail
rPois   .          Reflect  +   c - +0 helmet
rElec   .          Harm     .   (no cloak)
rCorr   .          Rampage  .   o - +0 pair of gloves
Will    .....                   (no boots)
Stlth   ..........              k - amulet of reflection
HPRegen 0.18/turn               (no ring)
MPRegen 0.10/turn               (no ring)

@: on berserk cooldown, slowed, very slow
A: claws 1, molten scales 2, powered by death 2
a: no special abilities


You were on level 4 of the Dungeon.
You visited 1 branch of the dungeon, and saw 5 of its levels.

You collected 173 gold pieces.
You spent 26 gold pieces at shops.

Inventory:

Hand Weapons
 a - a +0 trident (weapon)
 b - a +1 dagger of venom
Missiles
 d - 3 throwing nets (quivered)
Armour
 c - a +0 helmet (worn)
 i - a +0 chain mail (worn)
 n - a scarf of shadows
 o - a +0 pair of gloves (worn)
 p - a +0 buckler (worn)
Jewellery
 k - an amulet of reflection (around neck)
Scrolls
 e - 4 scrolls of teleportation {unknown}
 g - a scroll of vulnerability {unknown}
 h - 2 scrolls of identify
 l - a scroll of magic mapping {unknown}
 m - a scroll of immolation {unknown}
Potions
 f - a potion of magic
 j - a potion of resistance {unknown}
 q - a potion of berserk rage
 r - a potion of mutation {unknown}


   Skills:
 + Level 4.3 Fighting
 * Level 6.2 Polearms
 - Level 1.7 Throwing
 - Level 0.1 Armour
 - Level 2.6 Dodging
 - Level 0.6 Stealth
 + Level 1.6 Shields


You had 6 spell levels left.
You didn't know any spells.
Your spell library contained the following spells:

 Spells                   Type           Power      Damage    Failure   Level
 Animate Skeleton         Necr           0%         N/A       100%        1
 Pain                     Necr           0%         1d4       100%        1
 Ensorcelled Hibernation  Hex/Ice        0%         N/A       100%        2
 Passwall                 Tmut/Erth      0%         N/A       100%        2
 Conjure Flame            Conj/Fire      0%         6-21      100%        3
 Ignite Poison            Fire/Tmut/Pois 0%         N/A       100%        3
 Ozocubu's Armour         Ice            0%         N/A       100%        3
 Swiftness                Air            0%         N/A       100%        3
 Vampiric Draining        Necr           0%         2d6       100%        3
 Sticky Flame             Conj/Fire      0%         2d3       100%        4
 Metabolic Englaciation   Hex/Ice        0%         N/A       100%        5
 Simulacrum               Ice/Necr       0%         N/A       100%        6


Dungeon Overview and Level Annotations

Branches:
Dungeon (5/15)
 Temple: D:4-7

Altars:
Hepliaklqana
Makhleb
Nemelex Xobeh
Yredelemnul

Shops:
D:2 :[[?[   D:4 :


Innate Abilities, Weirdness & Mutations

You have sharp fingernails.
You are mostly covered in molten scales. (AC +3)
You regenerate health from kills.


Message History

You closely miss the orc warrior.
The orc warrior is moderately wounded.
You block the orc warrior's attack.
You barely miss the orc warrior.
The orc warrior is moderately wounded.
The orc warrior hits you but does no damage.
You hit the orc warrior.
The orc warrior is heavily wounded.
The orc warrior hits you but does no damage.
You barely miss the orc warrior.
The orc warrior is heavily wounded.
The orc warrior hits you with a +0 short sword!
You puncture the orc warrior!
The orc warrior is severely wounded.
You hit the orc warrior.
The orc warrior is almost dead.
The orc warrior hits you with a +0 short sword.
You closely miss the orc warrior.
The orc warrior is almost dead.
The orc warrior hits you but does no damage.
You puncture the orc warrior!
You kill the orc warrior!
You have reached level 7!
You puncture the shadow!
The shadow is moderately damaged.
The shadow barely misses you.
You hit the shadow.
The shadow is heavily damaged.
You are no longer berserk.
You are exhausted.
You feel yourself slow down. The shadow hits you.
You barely miss the shadow.
The shadow is heavily damaged.
The shadow slips into darkness.
The shadow flickers and vanishes!
You hear some strange, mumbled words.
You closely miss something.
The shadow strikes at you from the darkness!
Ouch! That really hurt!
You die...

#.###########.#.......##.#
#..........##.#####.####.#
......(###.##.#####.####.#
######.###.##........W...########
#.....#########.###.##......
###########....).....###.##.#####
...............#####..##.##.# ##
###########<##.#####..##.##.# #.
................@{{o..##W##.# #.
##..######..##.######.##.##.####.
.....)))....##.# #..#o##.#....
##..#######.##.# ##)#.##.#.#..
....# #.##.# ####.#....#.#.#
###.### #.##.####......####.#.#
#...# #.##.#....##.#.# #.#.#
###.# #.##.#.#..##...####.#.# #.#
#.##...#....#..#....#.#


You could see an orc.

Vanquished Creatures
  Eustachio (D:4)
  An orc warrior (D:4)
  An ogre (D:4)
  A centaur skeleton (D:4)
  An orc wizard (D:4)
  8 gnolls
  4 adders
  An ufetubus (D:4)
  2 worms (D:2)
  A dart slug (D:4)
  12 orcs
  8 ball pythons
  8 bats
  6 endoplasms
  A giant cockroach (D:1)
  3 goblins
  8 hobgoblins
  4 jackals (D:3)
  6 quokkas
  4 frilled lizards
  11 kobolds
  4 rats
96 creatures vanquished.

Vanquished Creatures (others)
  A plant (D:2)
1 creature vanquished.

Grand Total: 97 creatures vanquished

Notes
Turn   | Place    | Note
-------+----------+-------------------------------------------
     0 | D:1      | selver the Demonspawn Gladiator began the quest for the
                  | Orb.
     0 | D:1      | Reached XP level 1. HP: 16/16 MP: 1/1
   363 | D:1      | Reached skill level 3 in Polearms
   390 | D:1      | Gained mutation: You are partially covered in molten
                  | scales. (AC +2) [demonic ancestry]
   390 | D:1      | Reached XP level 2. HP: 14/22 MP: 2/2
  1207 | D:2      | Found Yrrefishrips's Magic Scroll Shop.
  1213 | D:2      | Bought a scroll of identify for 26 gold pieces
  1221 | D:2      | Found Uheu's Armour Emporium.
  1375 | D:2      | Found Zeuqacku's Antique Armour Emporium.
  1388 | D:2      | Gained mutation: You regenerate a little health from kills.
                  | [demonic ancestry]
  1388 | D:2      | Reached XP level 3. HP: 26/27 MP: 3/3
  1728 | D:2      | Found Hywuciw's Antique Armour Boutique.
  1747 | D:2      | Found Pyss's Book Shop.
  1807 | D:2      | Reached skill level 4 in Polearms
  1873 | D:2      | Gained mutation: You are mostly covered in molten scales.
                  | (AC +3) [demonic ancestry]
  1873 | D:2      | Reached XP level 4. HP: 34/34 MP: 4/4
  3112 | D:3      | Gained mutation: You regenerate health from kills. [demonic
                  | ancestry]
  3112 | D:3      | Reached XP level 5. HP: 40/41 MP: 5/5
  3174 | D:3      | Found a sparkling altar of Nemelex Xobeh.
  3258 | D:3      | Found a hazy altar of Hepliaklqana.
  3570 | D:4      | Noticed an ogre
  3583 | D:4      | Killed an ogre
  3584 | D:4      | Reached skill level 5 in Polearms
  3747 | D:4      | Found Gaelalol's Book Emporium.
  3988 | D:4      | Gained mutation: You have sharp fingernails. [demonic
                  | ancestry]
  3988 | D:4      | Reached XP level 6. HP: 47/47 MP: 6/6
  4016 | D:4      | Found a basalt altar of Yredelemnul.
  4024 | D:4      | Found a burning altar of Makhleb.
  4537 | D:5      | Entered Level 5 of the Dungeon
  4537 | D:5      | Noticed a shadow
  4538 | D:5      | Noticed an orc warrior
  4673 | D:5      | Noticed Eustachio
  4693 | D:4      | Killed Eustachio
  4694 | D:4      | Reached skill level 6 in Polearms
  4694 | D:4      | Reached skill level 1 in Shields
  5007 | D:4      | Killed an orc warrior
  5008 | D:4      | Reached XP level 7. HP: 40/54 MP: 7/7
  5011 | D:4      | Slain by a shadow

Illustrated notes

Levels and vault maps discovered:
D:1:      sevenhm_arrival_forest_fort_large_3, layout_basic, interstate_on_off,
          minmay_misc_feat_tower
D:2:      layout_loops_cross, serial_shops, shop, shop, shop,
          nicolae_shop_window_shopping, nicolae_shop_behind_doors,
          chequers_serial_rivers_micro_c, st_stairs_12, chequers_arboretum,
          serial_bayou_pond_b
D:3:      layout_loops_cross, mainiacjoe_overflow_catwalk,
          nemelex_dance_club_becter
D:4:      layout_basic, minitemple, serial_shops, nicolae_shop_statue_plus
D:5:      layout_gridville, kennysheep_mini, serial_shops,
          nicolae_shop_waterfront, kennysheep_crisscross, uniq_eustachio

Skill      XL: |  1  2  3  4  5  6 |
---------------+-------------------+-----
Polearms       | 3 4 5 6 |  6.2
Fighting       | 3 4 |  4.3
Shields        | 1 |  1.6
Throwing       | |  1.7
Armour         | |  0.1
Dodging        | |  2.6
Stealth        | |  0.6

Action                   |  1- 3 |  4- 6 |  7- 9 || total
-------------------------+-------+-------+-------++-------
Melee: Trident           |   130 |   237 |     4 ||   371
       Punch             |     2 |     1 |       ||     3
  Use: Scroll            |     1 |     1 |       ||     2
       Potion            |       |     3 |       ||     3
 Stab: Sleeping          |     2 |       |       ||     2
Armor: Leather armour    |    27 |       |       ||    27
       Chain mail        |     2 |   159 |       ||   161
Dodge: Dodged            |    52 |    65 |     1 ||   118
Block: Other             |       |     6 |       ||     6
       Reflection        |       |     2 |       ||     2
       Buckler           |       |    35 |       ||    35
